 Dungeon Crawl Stone Soup version 0.29-a0-284-gf9362112df (webtiles) character file.

Game seed: 6174777656753526712

60 croobank the Sneak (level 4, 0/27 HPs)
             Began as an Octopode Fire Elementalist on Mar 21, 2022.
             Slain by an orc wizard
             ... wielding a +2 dagger of venom
              (4 damage)
             ... on level 2 of the Dungeon.
             The game lasted 00:05:21 (2040 turns).

croobank the Sneak (Octopode Fire Elementalist)     Turns: 2040, Time: 00:05:21

Health: 0/27       AC:  1    Str:  7    XL:     4   Next: 4%
Magic:  5/7        EV: 13    Int: 19    God:
Gold:   88         SH:  0    Dex: 12    Spells: 4/7 levels left

rFire   . . .      SeeInvis .   a - +0 dagger (elec)
rCold   . . .      Faith    .   (no shield)
rNeg    . . .      Spirit   .   (helmet restricted)
rPois   .          Reflect  .   (no amulet)
rElec   .          Harm     .   b - ring of wizardry
rCorr   .          Rampage  .   (no ring)
Will    .....                   (no ring)
Stlth   ++........              (no ring)
HPRegen 0.09/turn               (no ring)
MPRegen 0.10/turn               (no ring)
                                (no ring)
                                (no ring)

@: confused, lethally poisoned (0 -> -5), hasted, very quick
A: almost no armour, amphibious, 8 rings, camouflage 1, gelatinous body 1,
(nimble swimmer 1), tentacles
a: no special abilities


You were on level 2 of the Dungeon.
You visited 1 branch of the dungeon, and saw 2 of its levels.

You collected 88 gold pieces.

Inventory:

Hand Weapons
 a - a +0 dagger of electrocution (weapon)
 c - a +0 vorpal hunting sling
 h - a +0 war axe
 m - a +0 dagger of draining
Missiles
 e - 20 stones
 l - 11 poisoned darts
 o - 6 boomerangs
Jewellery
 b - a ring of wizardry (left tentacle)
Scrolls
 k - a scroll of noise {unknown}
 n - a scroll of acquirement {unknown}
Potions
 d - a potion of magic
 f - a potion of curing
 j - a potion of might {unknown}


   Skills:
 + Level 2.5 Dodging
 + Level 3.5 Stealth
 + Level 2.4 Spellcasting
 + Level 1.8 Conjurations
 + Level 3.3 Fire Magic


You had 4 spell levels left.
You knew the following spells:

 Your Spells              Type           Power      Damage    Failure   Level
a - Foxfire               Conj/Fire      48%        2x1d6     2%          1
b - Scorch                Fire           30%        2d7       2%          2

Your spell library contained the following spells:

 Spells                   Type           Power      Damage    Failure   Level
 Animate Skeleton         Necr           4%         N/A       6%          1
 Apportation              Tloc           4%         N/A       6%          1
 Summon Small Mammal      Summ           8%         N/A       6%          1
 Conjure Flame            Conj/Fire      12%        6-21      7%          3
 Inner Flame              Hex/Fire       8%         N/A       10%         3
 Confusing Touch          Hex            2%         N/A       19%         3
 Flame Wave               Conj/Fire      12%        2d6       22%         4
 Yara's Violent Unravell  Hex/Tmut       1%         3d3       85%         5
 Enfeeble                 Hex            1%         N/A       100%        7


Dungeon Overview and Level Annotations

Branches:
Dungeon (2/15)

Altars:

Shops:
D:1 (


Innate Abilities, Weirdness & Mutations

You cannot wear most types of armour.
You are amphibious.
You can wear up to eight rings at the same time.
Your skin changes colour to match your surroundings (Stealth+).
Your rubbery body absorbs attacks. (AC +1, EV +1)
((You are camouflaged when in or above water. (Stealth+)))
You have tentacles for arms and can constrict up to eight enemies at once.


Message History

It was a potion of haste.
You feel yourself speed up.
You constrict the orc wizard. The orc wizard barely misses you.
The kobold hits you with a +0 whip.
* * * LOW HITPOINT WARNING * * *
You release your grip on the orc wizard.
A bat comes into view.
The kobold hits you with a +0 whip.
* * * LOW HITPOINT WARNING * * *
The orc wizard gestures wildly while chanting.
The orc wizard flickers and vanishes!
Deactivating autopickup; reactivate with Ctrl-A.
The orc wizard barely misses you.
You see here an adder corpse.
It was a potion of heal wounds.
You feel much better. The kobold barely misses you.
The orc wizard hits you with a +2 dagger of venom.
You are poisoned.
You closely miss the orc wizard. Your grab misses the orc wizard.
The orc wizard is severely wounded.
You feel sick.
You hit the orc wizard but do no damage.
Your grab misses the orc wizard.
The orc wizard is severely wounded.
You feel sick. The kobold hits you with a +0 whip.
The orc wizard casts a spell at you.
You are confused.
You bump into the rock wall.
You feel sick. The kobold closely misses you.
The orc wizard points at you and mumbles some strange words.
The magic dart hits you.
* * * LOW HITPOINT WARNING * * *
You're too confused to cast spells.
You bump into the rock wall.
* * * LOW HITPOINT WARNING * * *
You feel sick.
You're too confused to cast spells.
You bump into the rock wall.
* * * LOW HITPOINT WARNING * * *
You feel sick. The kobold closely misses you.
The orc wizard hits you with a +2 dagger of venom.
You die...

# # #
#######################
................@Ko...#
#################ow...#
# #.{##### # #ob[ #....
...... #### #.#.....
... ......... ##.#
.oo#.......


You could see a worm, an orc wizard, an orc, a bat and a kobold.

Vanquished Creatures
  An adder (D:2)
  A worm (D:2)
  3 dart slugs
  2 ball pythons (D:1)
  2 endoplasms
  2 giant cockroaches (D:1)
  6 goblins
  4 hobgoblins
  5 jackals (D:1)
  3 kobolds (D:1)
  4 bats
  A frilled lizard (D:1)
  A rat (D:1)
35 creatures vanquished.

Vanquished Creatures (others)
  49 foxfires
49 creatures vanquished.

Grand Total: 84 creatures vanquished

Notes
Turn   | Place    | Note
-------+----------+-------------------------------------------
     0 | D:1      | croobank the Octopode Fire Elementalist began the quest for
                  | the Orb.
     0 | D:1      | Reached XP level 1. HP: 11/11 MP: 3/3
   201 | D:1      | You fall into a shaft and drop 1 floor!
   207 | D:2      | Reached XP level 2. HP: 17/17 MP: 1/5
   290 | D:2      | Learned a level 2 spell: Scorch
   567 | D:1      | Reached XP level 3. HP: 20/21 MP: 3/6
  1347 | D:1      | Found Ogof's Antique Weapon Emporium.
  1936 | D:2      | Found a faded altar of an unknown god.
  2028 | D:2      | Reached XP level 4. HP: 22/27 MP: 4/7
  2034 | D:2      | HP: 1/27 [kobold/+0 whip (2)]
  2040 | D:2      | Slain by an orc wizard

Illustrated notes

Levels and vault maps discovered:
D:1:      psy_arrival_whirlpool, layout_basic, serial_shops, shop,
          minmay_tiny_reverse_x
D:2:      layout_rooms, basic_ecumenical_altar

Skill      XL: |  1  2 |
---------------+-------+-----
Stealth        | 3 |  3.5
Dodging        | |  2.5
Spellcasting   | |  2.4
Conjurations   | |  1.8
Fire Magic     | |  3.3

Action                   |  1- 3 |  4- 6 || total
-------------------------+-------+-------++-------
Melee: Unarmed           |    12 |       ||    12
       Constrict         |    10 |     1 ||    11
       Dagger            |    24 |     5 ||    29
       Tentacles         |     7 |     2 ||     9
       Punch             |     3 |       ||     3
 Cast: Foxfire           |    29 |       ||    29
       Scorch            |     9 |       ||     9
  Use: Scroll            |     1 |       ||     1
       Potion            |       |     2 ||     2
 Stab: Sleeping          |     2 |       ||     2
Armor: Skin              |     2 |       ||     2
Dodge: Dodged            |    24 |     8 ||    32

Table legend: (Time is in decaauts)
 A = Elapsed time spent in this place.
 B = Non-inter-level travel time spent in this place.
 C = Inter-level travel time spent in this place.
 D = Time resting spent in this place.
 E = Time spent auto-exploring this place.
 F = Levels seen in this place.
 G = Mean time per level.
                   A        B        C        D        E       F      G
               +--------+--------+--------+--------+--------+-----+--------+
         Total |   2037 |   1943 |     94 |     40 |   1543 |   2 | 1018.5 |
       Dungeon |   2037 |   1943 |     94 |     40 |   1543 |   2 | 1018.5 |
               +--------+--------+--------+--------+--------+-----+--------+

Top non-repeatable levels by time:
     D:1: 1832 daAuts
     D:2: 205 daAuts
